[Event "Blitz"]
[Site "Chess.com"]
[Date "2025.10.18"]
[Round "?"]
[White "DanielNaroditsky"]
[Black "Dr_Tyger"]
[Result "1-0"]
[ECO "B23"]
[WhiteElo "3107"]
[BlackElo "3068"]
[WhiteFideId "-1"]
[BlackFideId "-1"]
[PlyCount "65"]
[GameId "547092412420"]
[EventDate "2025.??.??"]
[EventType "blitz"]
[SourceTitle "2025.12"]
[SourceDate "2025.12.01"]
[SourceVersion "1"]
[SourceVersionDate "2025.12.01"]
[SourceQuality "1"]
[TimeControl "180"]

{Seen on his final stream, this brilliant attacking effort is one of Naroditsky's final games.} 1. e4 c5 2. Nf3 Nc6 3. Bb5 Nf6 4. Nc3 Nd4 5. e5 Nxb5 6. Nxb5 Nd5 7. Qe2 a6 8. Nd6+ exd6 9. exd6+ Be7 10. d4 cxd4 11. Bg5 f6 12. Bd2 O-O 13. Qc4 Rf7 14. Qxd5 Bf8 15. O-O-O Qb6 16. Bf4 Qc6 17. Qxd4 b6 18. Rhe1 Bb7 19. Re3 Qb5 20. Rb3 Qf5 21. Rxb6 Bc6 22. Rxc6 dxc6 23. Qc4 c5 24. Be3 Rd8 25. Bxc5 g6 26. b4 Kg7 27. Rd5 Qd7 28. Nd4 Kg8 29. Kb2 f5 30. f4 Bg7 31. Re5 Kf8 32. Ne6+ Kg8 33. Nxd8 1-0